Cogmind - Beta 15 @@@ ROGUE MODE // 2025.08.11 @ 00:42:06 Player: WitherScout Result: Destroyed by G-34 Mercenary with Small Laser Performance ------------- Evolutions (1) 500 Regions Visited (3) 600 Robots Destroyed (17) 85 Value Destroyed (436) 436 Prototype IDs (0) 0 Alien Tech Used (0) 0 Bonus (0) 0 TOTAL SCORE: 1621 Bonus ------- None Cogmind --------- Core Integrity 0/400 Matter 245/300 Energy 58/125 System Corruption 0% Temperature Cool (6) Movement Flying (37) Location -9/Materials Parts ------- > --- POWER (1) -------- Light Ion Engine > --- PROPULSION (2) --- Flight Unit Flight Unit > --- UTILITY (4) ------ Terrain Scanner > --- WEAPON (2) ------- Light Assault Rifle Light Assault Rifle > --- INVENTORY (5) ---- (None) Peak State ------------ > --- POWER ------------ Ion Engine > --- PROPULSION ------- Wheel Wheel > --- UTILITY ---------- Heat Sink Heat Sink Large Storage Unit > --- WEAPON ----------- Beam Cannon Light Assault Rifle > --- INVENTORY -------- Ion Engine Light Treads Light Treads Large Storage Unit Light Assault Rifle [Rating: 8] Favorites ----------- Power Ion Engine Engine Ion Engine Propulsion Wheel Treads Light Treads Wheel Wheel Flight Unit Flight Unit Utility Heat Sink Device Heat Sink Storage Large Storage Unit Protection Light Armor Plating Weapon Light Assault Rifle Energy Cannon Beam Cannon Ballistic Gun Light Assault Rifle Build | -11 -10 -10 -9 ------- Run | Yrd Mat Min Mat Slots Evolved 2 | . . . 2 Power . | . . . . Propulsion . | . . . . Utility 2 | . . . 2 Weapon . | . . . . Parts Attached 25 | 6 4 . 15 Power 4 | 1 . . 3 Engine 4 | 1 . . 3 Core . | . . . . Reactor . | . . . . Propulsion 9 | 2 . . 7 Treads 3 | . . . 3 Leg . | . . . . Wheel 2 | 2 . . . Hover . | . . . . Flight 4 | . . . 4 Utility 6 | 1 3 . 2 Device 3 | . 2 . 1 Storage 2 | 1 1 . . Processor . | . . . . Hackware . | . . . . Protection 1 | . . . 1 Artifact . | . . . . Weapon 6 | 2 1 . 3 Energy Gun . | . . . . Energy Cannon 1 | . 1 . . Ballistic Gun 5 | 2 . . 3 Ballistic Cannon . | . . . . Launcher . | . . . . Special Weapon . | . . . . Impact Weapon . | . . . . Slashing Weapon . | . . . . Piercing Weapon . | . . . . Special Melee Weapon . | . . . . Unidentified Prototypes . | . . . . Parts Lost 14 | . . . 14 Power 3 | . . . 3 Propulsion 5 | . . . 5 Utility 2 | . . . 2 Weapon 4 | . . . 4 Highest Loss Streak 5 | . . . 5 To Critical Strikes . | . . . . Average Backups 3 | 1 4 6 3 Power . | . 1 1 . Propulsion 1 | . 2 2 1 Utility . | . 1 2 . Weapon . | . . 1 . Tool/Special . | . . . . Unused Backups 3 | . . . 3 Power . | . . . . Propulsion 2 | . . . 2 Utility 1 | . . . 1 Weapon . | . . . . Tool/Special . | . . . . Average Slot Usage (%) 80 | . 89 100 73 Engine 11 | . 14 14 9 Treads 3 | . . . 5 Wheel 16 | . 28 28 8 Flight 2 | . . . 4 Device 10 | . 4 14 14 Storage 10 | . 14 14 8 Protection 1 | . . . 1 Energy Cannon 6 | . 4 14 6 Ballistic Gun 17 | . 23 14 13 Peak Build Rating 8 | 6 7 7 8 Average Rating 6 | 4 6 7 6 On Entrance 5 | . 6 7 7 Naked Turns . | . . . . Heaviest Build 32 | 12 32 30 32 Greatest Support 40 | 20 20 20 40 Greatest Overweight (x) 6 | . 1 1 6 Average Overweight (x) . | . . 1 . Largest Inventory Capacity 15 | 8 15 15 15 Average Capacity 13 | 7 14 15 12 Most Carried 6 | 3 6 6 6 Average Carried 3 | 1 4 6 3 Final Capacity 15 | 8 15 15 5 Final Carried 6 | 3 6 6 . Class Distribution -------------------- 83% | Mutant 16% | Scavenger-Mutant Dominant Class ---------------- Mutant | -10/Materials Mutant | -10/Mines Mutant | -9/Materials Resources | -11 -10 -10 -9 ----------- Run | Yrd Mat Min Mat Matter Collected 473 | 136 130 . 207 Remotely . | . . . . Salvage Created 537 | . 130 . 407 Parts 33 | . 7 . 26 Haulers Intercepted . | . . . . Recyclers Shooed . | . . . . Parts Field Recycled . | . . . . Retrieved Matter . | . . . . Parts Self-Destructed . | . . . . Prevented . | . . . . Kills | -11 -10 -10 -9 ------- Run | Yrd Mat Min Mat Combat Hostiles Destroyed 16 | . 3 . 13 Guns 11 | . 2 . 9 Cannons 5 | . 1 . 4 Classes Destroyed 4 | . 1 . 3 Builder 1 | . . . 1 Swarmer 7 | . . . 7 Grunt 7 | . 3 . 4 Sentry 2 | . . . 2 Best Kill Streak 7 | . 2 . 7 Combat Bots Only 6 | . 2 . 6 Max Kills in Single Turn 1 | . 1 . 1 Gunslinging . | . . . . Exploded . | . . . . Melee . | . . . . Uniques/NPCs Destroyed . | . . . . Combat | -11 -10 -10 -9 -------- Run | Yrd Mat Min Mat Hostile Shots Fired 192 | . 6 . 186 Missed 44 | . 1 . 43 Hits 148 | . 5 . 143 Projectile 148 | . 5 . 143 Critical Strikes 1 | . . . 1 Damage Taken 1675 | . 54 . 1621 Core 432 | . 21 . 411 Absorbed by Shields . | . . . . Core Remaining (%) 95 | 100 . 91 . Volleys Fired 61 | . 6 . 55 Largest 2 | . 2 . 2 Hottest 80 | . 80 . 80 Shots Fired 109 | . 12 . 97 Gun 80 | . 11 . 69 Cannon 29 | . 1 . 28 Launcher . | . . . . Special . | . . . . Kinetic 80 | . 11 . 69 Thermal 29 | . 1 . 28 Explosive . | . . . . Electromagnetic . | . . . . Robot Hit Streak 13 | . 10 . 13 Robot Miss Streak 4 | . 1 . 4 Penetration Max . | . . . . Secondary Targets . | . . . . Shots Hit Robots 81 | . 11 . 70 Core Hits 30 | . 5 . 25 Critical Kills . | . . . . Critical Parts Destroyed . | . . . . Critical Strikes . | . . . . Melee Attacks . | . . . . Impact . | . . . . Slashing . | . . . . Piercing . | . . . . Sneak Attacks . | . . . . Combat Hostiles . | . . . . Follow-up Attacks . | . . . . Damage Inflicted 921 | . 97 . 824 Guns 519 | . 80 . 439 Cannons 402 | . 17 . 385 Explosions . | . . . . Melee . | . . . . Ramming . | . . . . Kinetic 519 | . 80 . 439 Thermal 402 | . 17 . 385 Explosive . | . . . . Electromagnetic . | . . . . Impact . | . . . . Slashing . | . . . . Piercing . | . . . . Highest Corruption . | . . . . Average Corruption . | . . . . Corruption Purged . | . . . . Corruption Blocked . | . . . . Overload Shots . | . . . . Overflow Damage . | . . . . Projectiles . | . . . . Explosions . | . . . . Melee . | . . . . Knockbacks . | . . . . Impact . | . . . . Kinetic . | . . . . Secondary . | . . . . Self-Inflicted Damage . | . . . . Shots . | . . . . Rammed . | . . . . Targets Rammed . | . . . . Kicked . | . . . . Crushed . | . . . . Highest Temperature 96 | . 46 . 96 Average Temperature 28 | . 12 . 30 Received Heat Transfer 522 | . 30 . 492 Siege Activations . | . . . . Martial Activations . | . . . . Shielding Activations . | . . . . Robots Disrupted . | . . . . Combat Hostiles . | . . . . Robots Corrupted . | . . . . Combat Hostiles . | . . . . Parts Fried . | . . . . Impact Corruptions . | . . . . Robots Melted . | . . . . Combat Hostiles . | . . . . Parts Melted 3 | . . . 3 Heat Transferred 851 | . 37 . 814 Parts Sabotaged . | . . . . Parts Stolen . | . . . . Parts Stripped . | . . . . Power Chain Reactions . | . . . . Alert | -11 -10 -10 -9 ------- Run | Yrd Mat Min Mat Maximum Alert Level . | . . . . Low Security (%) 100 | 100 100 100 100 Level 1 . | . . . . Level 2 . | . . . . Level 3 . | . . . . Level 4 . | . . . . Level 5 . | . . . . High Security . | . . . . Max Security . | . . . . Peak Influence 135 | . 50 . 135 Initial . | . . . . Average 32 | . 14 . 50 Influence Increases 415 | . 70 . 345 Destroy 0b10 Robot/C 320 | . 60 . 260 Destroy 0b10 Robot/NC 5 | . . . 5 Destroy Leader 60 | . 10 . 50 Disable Machine 30 | . . . 30 Influence Decreases 310 | . 70 . 240 Time Decay 190 | . 70 . 120 Lost Part 120 | . . . 120 Squads Dispatched 2 | . 1 . 1 Investigation 1 | . 1 . . Extermination . | . . . . Reinforcement 1 | . . . 1 Assault . | . . . . Garrison . | . . . . Intercept . | . . . . Searches Triggered . | . . . . Construction Impeded . | . . . . Haulers Reinforced . | . . . . Active Scanning Responses . | . . . . Cargo Convoy Interrupts . | . . . . Stealth | -11 -10 -10 -9 --------- Run | Yrd Mat Min Mat Distress Signals 1 | . . . 1 Communications Jammed . | . . . . Distress Signals . | . . . . Times Spotted 25 | . 4 . 21 Peak Tracking Total 7 | . 2 . 7 Tactical Retreats . | . . . . Traps | -11 -10 -10 -9 ------- Run | Yrd Mat Min Mat Traps Triggered 1 | . 1 . . Indirectly . | . . . . Trap Hack Attempts . | . . . . Triggered . | . . . . Disarmed . | . . . . Reprogrammed . | . . . . Reused . | . . . . Traps Extracted . | . . . . Installed . | . . . . Triggered . | . . . . Machines | -11 -10 -10 -9 ---------- Run | Yrd Mat Min Mat Machines Disabled 2 | . . . 2 Max in Single Turn 1 | . . . 1 Machines Repaired . | . . . . Machines Dismantled . | . . . . Machines Sabotaged . | . . . . Overloaded Fab Kills . | . . . . Hacking | -11 -10 -10 -9 --------- Run | Yrd Mat Min Mat Machines Accessed 4 | . 2 . 2 Terminals 4 | . 2 . 2 Fabricators . | . . . . Repair Stations . | . . . . Recycling Units . | . . . . Scanalyzers . | . . . . Garrison Access . | . . . . Total Hacks 8 | . 5 . 3 Successful 1 | . . . 1 Failed 7 | . 5 . 2 Catastrophic 1 | . 1 . . Database Lockouts . | . . . . Manual 6 | . 5 . 1 Terminals 8 | . 5 . 3 Fabricators . | . . . . Repair Stations . | . . . . Recycling Units . | . . . . Scanalyzers . | . . . . Garrison Access . | . . . . Terminal Hacks 1 | . . . 1 Recall Reinforcements 1 | . . . 1 Fabricator Hacks . | . . . . Repair Station Hacks . | . . . . Recycling Unit Hacks . | . . . . Scanalyzer . | . . . . Garrison Access Hacks . | . . . . Unauthorized Hacks . | . . . . Terminals . | . . . . Fabricators . | . . . . Repair Stations . | . . . . Recycling Units . | . . . . Scanalyzers . | . . . . Garrison Access . | . . . . Data Cores Recovered . | . . . . Used . | . . . . Hacking Detections 3 | . 2 . 1 Full Trace Events . | . . . . Feedback Events . | . . . . Feedback Blocked . | . . . . Robot Schematics Acquired . | . . . . Robots Built . | . . . . Authchips . | . . . . Time . | . . . . Total Robot Build Rating . | . . . . Part Schematics Acquired . | . . . . Parts Built . | . . . . Authchips . | . . . . Time . | . . . . Total Part Build Rating . | . . . . Parts Repaired . | . . . . Time . | . . . . Parts Recycled . | . . . . Recycled Matter . | . . . . Retrieved Matter . | . . . . Retrieved Components . | . . . . Parts Scanalyzed . | . . . . Part Schematics Acquired . | . . . . Parts Damaged . | . . . . Bothacking | -11 -10 -10 -9 ------------ Run | Yrd Mat Min Mat Used RIF Installer . | . . . . Robots Hacked . | . . . . Non-combat . | . . . . Combat . | . . . . Robot Hacks Applied . | . . . . Relay Couplers Released . | . . . . Fabnet Peak Effective % . | . . . . Robots Rewired . | . . . . Allies Hacked . | . . . . Hacks Repelled . | . . . . Allies | -11 -10 -10 -9 -------- Run | Yrd Mat Min Mat Total Allies . | . . . . Largest Group . | . . . . Highest-Rated Group . | . . . . Highest-Rated Ally . | . . . . Total Orders . | . . . . Ally Attacks . | . . . . Total Damage . | . . . . Kills . | . . . . Allies Corrupted . | . . . . Allies Melted . | . . . . Intel | -11 -10 -10 -9 ------- Run | Yrd Mat Min Mat Active Infowar (turns) 81 | . . . 81 Terrain 81 | . . . 81 Robot Analysis Total . | . . . . Derelict Logs Recovered . | . . . . Drone Launches . | . . . . Drone Recoveries . | . . . . Exploration | -11 -10 -10 -9 ------------- Run | Yrd Mat Min Mat Turns Passed 682 | 44 224 38 376 Spaces Moved 463 | 41 189 40 193 Core 2 | 2 . . . Treads 21 | . . . 21 Legs . | . . . . Wheels 384 | 39 189 40 116 Hover . | . . . . Flight 56 | . . . 56 Fastest Speed 37 | 50 80 95 37 Average Speed 90 | 78 94 95 89 Slowest Speed 520 | 80 95 95 520 Overloaded Moves . | . . . . Propulsion Burnouts . | . . . . Robots Hopped . | . . . . Potential Cave-ins . | . . . . Cave-ins Triggered . | . . . . Exploration Rate (%) 18 | 3 32 18 21 Regions Visited 3 Branch Regions 1 Pre-discovered Areas . | . . . . Known Exits Taken . | . . . . Unknown Exits Taken 3 | 1 1 1 . Scrap Searched . | . . . . Spaces Dug . | . . . . Terrain Destroyed . | . . . . Melee . | . . . . Projectile . | . . . . AOE . | . . . . Terrain Rammed . | . . . . Walls Destroyed . | . . . . Machines Disabled . | . . . . Actions | -11 -10 -10 -9 --------- Run | Yrd Mat Min Mat Total 625 | 49 223 39 314 Wait 50 | . 18 . 32 Move 460 | 40 188 39 193 Hop . | . . . . Pick Up 11 | 3 2 . 6 Fast Attach 17 | 6 5 . 6 Attach 12 | . . . 12 Detach 2 | . 1 . 1 Swap 2 | . . . 2 Drop 10 | . 3 . 7 Fire 61 | . 6 . 55 Melee . | . . . . Ram . | . . . . Kick . | . . . . Crush . | . . . . Escape Stasis . | . . . . Rewire . | . . . . Trap . | . . . . Miscellaneous . | . . . . Route ------- -11/Scrapyard -10/Materials -10/Mines -9/Materials History --------- Turn | Location | Event 12 | -11/Scrapyard | Discovered new exit (range 16) 45 | -11/Scrapyard | Entered Materials 261 | -10/Materials | Discovered new exit (range 9) 269 | -10/Materials | Entered Mines 301 | -10/Mines | Build established: Mutant 302 | -10/Mines | Discovered new exit (range 5) 307 | -10/Mines | Entered Materials 307 | -9/Materials | Evolved 2 slots: Utility x2 509 | -9/Materials | Lost 5 parts (1p2n1u1w) 527 | -9/Materials | Core integrity fell below 50% 563 | -9/Materials | Lost 3 parts (1n1u1w) 669 | -9/Materials | Core integrity fell below 20% 683 | -9/Materials | Destroyed by G-34 Mercenary with Small Laser Last Messages --------------- Acquired Lgt. Assault Rifle. Acquired Lgt. Ion Engine. K-01 Serf collects debris. Acquired 10 matter. K-01 Serf collects debris. Dropped Flight Unit. Acquired Lgt. Ion Engine. K-01 Serf collects debris. Flight Unit destroyed. G-34 Mercenary destroyed. K-01 Serf collects debris. Lgt. Ion Engine destroyed. K-01 Serf collects debris. Lgt. Assault Rifle destroyed. Flight Unit destroyed. K-01 Serf collects debris. Lgt. Assault Rifle destroyed. K-01 Serf collects debris. G-47 Trooper destroyed. K-01 Serf collects debris. Map ----- +----------------------------------------------------+ | ? ?????????????????????????????????????????? | | ?????????????????????????????????????????? | | ?????????????????????????????????????????? | | ???????????????????????????????????????????? | | """???????????????????????????????????????????? | | """???????????????????????????????????????????? | | """ ""???????????????????????????????????????? | | ??????????????????????????????????????? | | ????????????????????????????????????? | | ???????????????????????????????????? | | ########## #??????? ?????????????????????????? | | ?????????# #? ????# #????????????????????????? | | ?????????+ +??????# ##???????????????????????? | | ?????????# #??????# #????????????????????????? | | ?????????# #??????# #????????????????????????? | | ?????????# #??????# #????????????????????????? | | ?????????# #??????# #????????????????????????? | | ?????????# #??????# #????????????????????????? | | ?????????# #????### ###??????????????????????? | | ????????## ##???# #??????????????????????? | | ????????# ##### ##?????#???????????????? | | ????????# ! = #??????????????????????? | | ????????# %%=% #?#????????????????????? | | ???????## ! = #??????????????????????? | | ????????#*!%= ##### #????###???????????????? | | ??????#####+#####?# !!@#?? ? ??????????????? | | ??????# =!%!!! #?## =%%##??? """ "?????????????? | | ??????# % %= #??# kg #??? """"""?????????????? | | ####### * #?## #?? """"" #???????? | | # """ #### ### ! #???????? | | T #""" "" + =% / #???????? | | #"R*% """ # =%=###+####??????????????? | | #"""!!%" + ????????? | | # ==*"% ################# ????????? | | #########+####???????? ????????????????????? | | ####+###???# #?????????????????????????????? | | ?# ##### ######????????????????????????? | | ## " #????????????????????????? | | "T T +????????????????????????? | | ## #????????????????????????? | | ?# ##### ######? ??????????????????????? | | ?### ###???# #????#????????????????????????? | | ???# #?????####+####?????????????????????????????? | | ??? #??????? ?????#?????????????????????????? | | ??####?????""" !!!?????????????????????????????? | | ????????? """ !!! ???????????????????????????? | | ????????# """ !! %#?????????????????????????? | | ????????# #?????????????????????????? | | ??????????? #????????????????????????? | | ??????????###############????????????????????????? | +----------------------------------------------------+ Best States ------------- Heat Dissipation 48 Energy Generation 10 Energy Capacity 250 Matter Stores 300 Matter Capacity 300 Sight Range 16 Terrain Scan Range 14 Terrain Scan Density 10 Armor Coverage 150 Evasion (%) 62 Recoil Reduction 2 Item Schematics ----------------- None Robot Schematics ------------------ None Fabricated ------------ Nothing Repaired ---------- Nothing Alien Tech Used ----------------- None Achievements -------------- None Challenges ------------ None Game ------ Seed ConcussiveTerrainSpiker Manual? 0 Play Time 00:13:32 Cumulative 4.3 hours Start 2025.08.11 @ 00:29:24 End 2025.08.11 @ 00:42:06 Sessions 1 Manual Loads 0 Difficulty Rogue Special Mode None Game No. 11 Rogue 11 Adventurer 0 Explorer 0 Win Type - Total 0 Types 0/0/0/0/0/0/0/0/0/0 Lore% 0 Gallery% 8 Achievement% 10 Wizard Run 0 Options --------- Layout 1 ASCII 1 Keyboard 0 Movement Numpad Keybinds 0 Fullscreen 1 Font 24/Cog Map View 50x35 Zoom Use 0% Tactical HUD 0 Map Filters NONE Filters NONE Steam 0 RUN: bde65f21-5b08-4694-a5de-28c9a53d3af4